BSA
PLYMOUTH ROCKS @ LOS CABOS CARTEL
05/14/2026
 
TOP OF THE 1ST
Plymouth Rocks batting - Pitching for Los Cabos Cartel : RHP Marty Burgess
Pitching: RHP Marty Burgess
Batting: RHB Luis Sánchez 0-0: Called Strike
0-1: Swinging Strike
0-2: Foul Ball, location: 2F
0-2: Foul Ball, location: 2F
0-2: Ground out 6-3 (Groundball, 6M)
Batting: RHB António Gonzáles 0-0: Ball
1-0: Called Strike
1-1: Foul Ball, location: 2F
1-2: Ball
2-2: Ground out 5-3 (Groundball, 56S)
Batting: LHB Roy Patrick 0-0: Foul Ball, location: 2F
0-1: Ball
1-1: Ball
2-1: Ground out 3-1 (Groundball, 34)
Top of the 1st over - 0 run(s), 0 hit(s), 0 error(s), 0 left on base; Plymouth 0 - Los Cabos 0
BOTTOM OF THE 1ST
Los Cabos Cartel batting - Pitching for Plymouth Rocks : RHP Lorenzo Aguilar
Pitching: RHP Lorenzo Aguilar
Batting: LHB Luis González 0-0: Ball
1-0: Called Strike
1-1: Ball
2-1: Ball
3-1: Called Strike
3-2: Foul Ball, location: 2F
3-2: Base on Balls
Batting: LHB Miguel Rivería 0-0: Ball
1-0: Swinging Strike
1-1: Swinging Strike
1-2: Strikes out looking
Batting: SHB Julián Madrid 0-0: Grounds into double play, 4-6-3 (Groundball, 34)
Bottom of the 1st over - 0 run(s), 0 hit(s), 0 error(s), 0 left on base; Plymouth 0 - Los Cabos 0
TOP OF THE 2ND
Plymouth Rocks batting - Pitching for Los Cabos Cartel : RHP Marty Burgess
Batting: SHB Greg Welch 0-0: Swinging Strike
0-1: Ball
1-1: Foul Ball, location: 2F
1-2: Fly out, F5 (Popup, 15)
Batting: LHB Roger Moore 0-0: Foul Ball, location: 2F
0-1: Swinging Strike
0-2: Ball
1-2: Ground out 4-3 (Groundball, 4MS)
Batting: LHB Frank Geddes 0-0: Called Strike
0-1: Ground out U3 (Groundball, 3)
Top of the 2nd over - 0 run(s), 0 hit(s), 0 error(s), 0 left on base; Plymouth 0 - Los Cabos 0
BOTTOM OF THE 2ND
Los Cabos Cartel batting - Pitching for Plymouth Rocks : RHP Lorenzo Aguilar
Batting: RHB Stephen Wilson 0-0: Called Strike
0-1: Foul Ball, location: 2F
0-2: Ball
1-2: Ground out 6-3 (Groundball, 6)
Batting: RHB Gerardo Escobedo 0-0: Called Strike
0-1: Ball
1-1: Ball
2-1: Foul Ball, location: 2F
2-2: Foul Ball, location: 2F
2-2: Foul Ball, location: 2F
2-2: Ball
3-2: Fly out, F9 (Flyball, 89S)
Batting: RHB John Pick 0-0: Ball
1-0: Ball
2-0: Called Strike
2-1: Reached on error, E5 (Groundball, 56)
Batting: LHB Willie Wallace 0-0: Ball
1-0: Called Strike
1-1: Called Strike
1-2: Ball
2-2: Strikes out looking
Bottom of the 2nd over - 0 run(s), 0 hit(s), 1 error(s), 1 left on base; Plymouth 0 - Los Cabos 0
TOP OF THE 3RD
Plymouth Rocks batting - Pitching for Los Cabos Cartel : RHP Marty Burgess
Batting: RHB António Zúńiga 0-0: Ball
1-0: Ball
2-0: Called Strike
2-1: Ball
3-1: Called Strike
3-2: Foul Ball, location: 2F
3-2: Foul Ball, location: 2F
3-2: Base on Balls
Batting: LHB Barrett Waters 0-0: Called Strike
0-1: Grounds into double play, 1-6-3 (Groundball, 13S)
Batting: RHB José Flores 0-0: Ball
1-0: Foul Ball, location: 2F
1-1: SINGLE (Line Drive, 56D)
Batting: RHB Luis Sánchez 0-0: Called Strike
0-1: Ball
1-1: Ball
2-1: Swinging Strike
2-2: Ground out 1-3 (Groundball, 13S)
Top of the 3rd over - 0 run(s), 1 hit(s), 0 error(s), 1 left on base; Plymouth 0 - Los Cabos 0
BOTTOM OF THE 3RD
Los Cabos Cartel batting - Pitching for Plymouth Rocks : RHP Lorenzo Aguilar
Batting: SHB Rob Grun 0-0: Called Strike
0-1: Called Strike
0-2: Ball
1-2: Foul Ball, location: 2F
1-2: Foul Ball, location: 2F
1-2: Reached on Error, E7 (Flyball, 7S)
Batting: SHB Edgardo Osorio 0-0: Swinging Strike
0-1: Foul Ball, location: 2F
0-2: Strikes out looking
Batting: LHB Luis González 0-0: Called Strike
0-1: Fly out, F9 (Popup, 89S)
Batting: LHB Miguel Rivería 0-0: Ball
1-0: Called Strike
1-1: Called Strike
1-2: SINGLE (Flyball, 9S)
Rob Grun to second
Runner from 2nd tries for 3rd, SAFE, throw made to third
Batting: SHB Julián Madrid 0-0: Ball
1-0: Ball
2-0: Fly out, F8 (Flyball, 8LM)
Bottom of the 3rd over - 0 run(s), 1 hit(s), 1 error(s), 2 left on base; Plymouth 0 - Los Cabos 0
TOP OF THE 4TH
Plymouth Rocks batting - Pitching for Los Cabos Cartel : RHP Marty Burgess
Batting: RHB António Gonzáles 0-0: Called Strike
0-1: Called Strike
0-2: Strikes out swinging
Batting: LHB Roy Patrick 0-0: Called Strike
0-1: Foul Ball, location: 2F
0-2: Strikes out swinging
Batting: SHB Greg Welch 0-0: Ball
1-0: Foul Ball, location: 2F
1-1: Swinging Strike
1-2: Strikes out swinging
Top of the 4th over - 0 run(s), 0 hit(s), 0 error(s), 0 left on base; Plymouth 0 - Los Cabos 0
BOTTOM OF THE 4TH
Los Cabos Cartel batting - Pitching for Plymouth Rocks : RHP Lorenzo Aguilar
Batting: RHB Stephen Wilson 0-0: Ball
1-0: SINGLE (Line Drive, 6D)
Batting: RHB Gerardo Escobedo 0-0: Ball
1-0: Ball
2-0: DOUBLE (Line Drive, 9LS)
Stephen Wilson to third
Batting: RHB John Pick 0-0: Called Strike
0-1: Swinging Strike
0-2: Ball
1-2: Ball
Passed Ball!
Stephen Wilson scores
Gerardo Escobedo to third
2-2: Strikes out swinging
Batting: LHB Willie Wallace 0-0: Called Strike
0-1: Fly out, F6 (Popup, 6MD)
Batting: SHB Rob Grun 0-0: Called Strike
0-1: Ball
1-1: Swinging Strike
1-2: SINGLE (Line Drive, 4MD)
Gerardo Escobedo scores
Batting: SHB Edgardo Osorio 0-0: Ball
1-0: Called Strike
1-1: Foul Ball, location: 2F
1-2: SINGLE (Line Drive, 56)
Rob Grun to second
Batting: LHB Luis González 0-0: Ball
1-0: Called Strike
1-1: Ball
2-1: Ball
3-1: Base on Balls
Rob Grun to third
Edgardo Osorio to second
Batting: LHB Miguel Rivería 0-0: Called Strike
0-1: Ball
1-1: Ball
2-1: Swinging Strike
2-2: Ball
3-2: Foul Ball, location: 2F
3-2: Base on Balls
Rob Grun scores
Edgardo Osorio to third
Luis González to second
Batting: SHB Julián Madrid 0-0: Foul Ball, location: 2F
0-1: Swinging Strike
0-2: Foul Ball, location: 2F
0-2: Ball
1-2: Ground out 6-3 (Groundball, 6)
Bottom of the 4th over - 3 run(s), 4 hit(s), 0 error(s), 3 left on base; Plymouth 0 - Los Cabos 3
TOP OF THE 5TH
Plymouth Rocks batting - Pitching for Los Cabos Cartel : RHP Marty Burgess
Batting: LHB Roger Moore 0-0: Called Strike
0-1: Ball
1-1: Called Strike
1-2: Strikes out swinging
Batting: LHB Frank Geddes 0-0: Foul Ball, location: 2F
0-1: Fly out, F8 (Flyball, 8RXD)
Batting: RHB António Zúńiga 0-0: Called Strike
0-1: Ball
1-1: Foul Ball, location: 2F
1-2: Foul Ball, location: 2F
1-2: DOUBLE (Flyball, 89XD)
Batting: LHB Barrett Waters 0-0: Fly out, F5 (Popup, 5SF)
Top of the 5th over - 0 run(s), 1 hit(s), 0 error(s), 1 left on base; Plymouth 0 - Los Cabos 3
BOTTOM OF THE 5TH
Los Cabos Cartel batting - Pitching for Plymouth Rocks : RHP Lorenzo Aguilar
Batting: RHB Stephen Wilson 0-0: Ball
1-0: Ball
2-0: Ball
3-0: Base on Balls
Batting: RHB Gerardo Escobedo 0-0: Foul Ball, location: 2F
0-1: Ball
1-1: Hit by Pitch
Stephen Wilson to second
Pitching: RHP Soichiro Ikeda
Batting: RHB John Pick 0-0: Ball
1-0: Swinging Strike
1-1: Swinging Strike
1-2: Ball
2-2: Foul Ball, location: 2F
2-2: Ball
3-2: Strikes out swinging
Batting: LHB Willie Wallace 0-0: Ball
1-0: Ball
2-0: Ball
3-0: Called Strike
3-1: Base on Balls
Stephen Wilson to third
Gerardo Escobedo to second
Batting: SHB Rob Grun 0-0: Swinging Strike
0-1: Called Strike
0-2: Strikes out swinging
Batting: SHB Edgardo Osorio 0-0: Fly out, F8 (Flyball, 8LD)
Bottom of the 5th over - 0 run(s), 0 hit(s), 0 error(s), 3 left on base; Plymouth 0 - Los Cabos 3
TOP OF THE 6TH
Plymouth Rocks batting - Pitching for Los Cabos Cartel : RHP Marty Burgess
Batting: RHB José Flores 0-0: Ball
1-0: Ball
2-0: Ground out U3 (Groundball, 3L)
Batting: RHB Luis Sánchez 0-0: SINGLE (Groundball, 5D)
Batting: RHB António Gonzáles 0-0: Ball
1-0: Foul Ball, location: 2F
1-1: Ball
2-1: Called Strike
2-2: Ball
3-2: SINGLE (Groundball, 6MD)
Luis Sánchez to second
Runner from 2nd tries for 3rd, SAFE, throw made to third
Batting: LHB Roy Patrick 0-0: Called Strike
0-1: Foul Ball, location: 2F
0-2: Ball
Passed Ball!
Luis Sánchez scores
António Gonzáles to second
1-2: Hit by Pitch
Batting: SHB Greg Welch 0-0: Foul Ball, location: 2F
0-1: Called Strike
0-2: Ball
1-2: Ball
2-2: Foul Ball, location: 2F
2-2: Foul Ball, location: 2F
2-2: Strikes out swinging
Batting: LHB Roger Moore 0-0: Ball
1-0: Ground out U3 (Groundball, 3)
Top of the 6th over - 1 run(s), 2 hit(s), 0 error(s), 2 left on base; Plymouth 1 - Los Cabos 3
BOTTOM OF THE 6TH
Los Cabos Cartel batting - Pitching for Plymouth Rocks : RHP Soichiro Ikeda
Batting: LHB Luis González 0-0: Called Strike
0-1: Ball
1-1: DOUBLE (Line Drive, 78S)
Batting: LHB Miguel Rivería 0-0: Ground out 4-3 (Groundball, 4)
Luis González to third
Batting: SHB Julián Madrid 0-0: Called Strike
0-1: Ball
1-1: Foul Ball, location: 2F
1-2: Strikes out swinging
Batting: RHB Stephen Wilson 0-0: Ball
1-0: Called Strike
1-1: Swinging Strike
1-2: Ball
2-2: Ball
3-2: SINGLE (Line Drive, 56D)
Luis González scores
Batting: RHB Gerardo Escobedo 0-0: Called Strike
0-1: Fly out, F9 (Flyball, 9LMF)
Bottom of the 6th over - 1 run(s), 2 hit(s), 0 error(s), 1 left on base; Plymouth 1 - Los Cabos 4
TOP OF THE 7TH
Plymouth Rocks batting - Pitching for Los Cabos Cartel : RHP Marty Burgess
Batting: LHB Frank Geddes 0-0: Ball
1-0: Swinging Strike
1-1: Swinging Strike
1-2: Strikes out swinging
Batting: RHB António Zúńiga 0-0: Called Strike
0-1: Foul Ball, location: 2F
0-2: Ball
1-2: Ball
2-2: SINGLE (Groundball, 56D) (infield hit)
Pitching: LHP António Martínez
Batting: LHB Barrett Waters 0-0: Swinging Strike
0-1: Ball
1-1: Fly out, F7 (Line Drive, 78S)
Batting: RHB José Flores 0-0: Ball
1-0: Called Strike
1-1: Fly out, F8 (Flyball, 8RM)
Top of the 7th over - 0 run(s), 1 hit(s), 0 error(s), 1 left on base; Plymouth 1 - Los Cabos 4
BOTTOM OF THE 7TH
Los Cabos Cartel batting - Pitching for Plymouth Rocks : RHP Soichiro Ikeda
Pitching: RHP Luis Cortéz
Batting: RHB John Pick 0-0: Ground out 6-3 (Groundball, 6)
Batting: LHB Willie Wallace 0-0: Ball
1-0: Foul Ball, location: 2F
1-1: Ball
2-1: DOUBLE (Groundball, 3L)
Batting: SHB Rob Grun 0-0: Intentional Walk
Batting: SHB Edgardo Osorio 0-0: Ball
1-0: Called Strike
1-1: Fielders Choice at 2nd, 1-6 (Groundball, 13S)
Willie Wallace to third
Pitching: LHP Carl Lewis
Batting: LHB Luis González 0-0: Ball
1-0: SINGLE (Flyball, 8RS)
Willie Wallace scores
Edgardo Osorio to second
Pitching: RHP Jean Burrows
Batting: LHB Miguel Rivería 0-0: Swinging Strike
0-1: Ball
1-1: Ball
2-1: Called Strike
2-2: Strikes out swinging
Bottom of the 7th over - 1 run(s), 2 hit(s), 0 error(s), 2 left on base; Plymouth 1 - Los Cabos 5
TOP OF THE 8TH
Plymouth Rocks batting - Pitching for Los Cabos Cartel : LHP António Martínez
Batting: RHB Luis Sánchez 0-0: Ball
1-0: Foul Ball, location: 2F
1-1: Called Strike
1-2: Ball
2-2: Ground out 5-3 (Groundball, 5L)
Batting: RHB António Gonzáles 0-0: Foul Ball, location: 2F
0-1: Ball
1-1: Ball
2-1: Foul Ball, location: 2F
2-2: Foul Ball, location: 2F
2-2: SINGLE (Groundball, 56D)
Batting: LHB Roy Patrick 0-0: Called Strike
0-1: Ball
1-1: Fly out, F9 (Line Drive, 9M)
Batting: SHB Greg Welch 0-0: Ball
1-0: Called Strike
1-1: Ground out 5-3 (Groundball, 5)
Top of the 8th over - 0 run(s), 1 hit(s), 0 error(s), 1 left on base; Plymouth 1 - Los Cabos 5
BOTTOM OF THE 8TH
Los Cabos Cartel batting - Pitching for Plymouth Rocks : RHP Jean Burrows
Batting: SHB Julián Madrid 0-0: Ball
1-0: Ball
2-0: Ground out 4-3 (Groundball, 4)
Batting: RHB Stephen Wilson 0-0: Reached on Error, E8 (Flyball, 8RM)
Batting: RHB Gerardo Escobedo 0-0: Ball
1-0: Foul Ball, location: 2F
1-1: Foul Ball, location: 2F
1-2: Foul Ball, location: 2F
1-2: Ball
2-2: Fly out, F8 (Flyball, 8RXD)
Batting: RHB John Pick 0-0: Fly out, F3 (Popup, 3SF)
Bottom of the 8th over - 0 run(s), 0 hit(s), 1 error(s), 1 left on base; Plymouth 1 - Los Cabos 5
TOP OF THE 9TH
Plymouth Rocks batting - Pitching for Los Cabos Cartel : LHP António Martínez
Batting: LHB Roger Moore 0-0: Reached on error, E2 (Groundball, 2L)
Batting: LHB Frank Geddes 0-0: Called Strike
0-1: Foul Ball, location: 2F
0-2: Ball
1-2: Ball
2-2: Ball
3-2: Foul Ball, location: 2F
3-2: Strikes out swinging
Roger Moore steals 2nd base
Batter strikes out.
Pitching: RHP Rex Welch
Batting: RHB António Zúńiga 0-0: Called Strike
0-1: Ball
1-1: Foul Ball, location: 2F
1-2: Ball
2-2: Ball
3-2: Base on Balls
Pitching: LHP Santiago González
Batting: LHB Barrett Waters 0-0: Ball
1-0: Fly out, F5 (Popup, 5SF)
Batting: RHB José Flores 0-0: Ball
1-0: Ball
2-0: Ball
3-0: Base on Balls
Roger Moore to third
António Zúńiga to second
Batting: RHB Luis Sánchez 0-0: Swinging Strike
0-1: Swinging Strike
0-2: Ground out 5-3 (Groundball, 56)
Top of the 9th over - 0 run(s), 0 hit(s), 1 error(s), 3 left on base; Plymouth 1 - Los Cabos 5
Monday, December 5th, 2016 - OOTP Baseball 17.12 Build 75